Match 46841225
Unlisted

Match 46841225
End
Selects Italian Combined Arms Battlegroup
Selects Bersaglieri Squad
Bersaglieri Squad
250 Light Carrier
Bersaglieri Squad
Construct Light Support Kompanie
Fire Support Elements
Selects Bersaglieri Bolster
Flakvierling Half-track
Assault Mechanized Group
Construct Mechanized Kompanie
Pak 38 Anti-tank Gun Team
Combat Half-tracks
Selects Breda Model 30 Light Machine Guns
StuG III D Assault Gun
2.5-tonne Medical Truck
Construct Panzerarmee Kommand
Panzer III L Medium Tank
Selects Semovente da 75/18 Assault Gun
Panzer III L Medium Tank
Selects Strafing Run
Strafing Run
Armored Reserves
Selects Artillery Cover
Strafing Run
Strafing Run
Henk
water
Îudex Gundyr
Hirys it's Irys
Seweryn
[PD] PragerSchinken
KрепкийOрешек
JaimeMR30
0
0

Comments sign in to comment!

No comments posted yet!